 Dungeon Crawl Stone Soup version 0.26-a0-708-g17f3b190f9 (webtiles) character file.

Game seed: 13560538583642876030

2414 jasper the Carver (level 9, -2/81 HPs)
             Began as a Deep Elf Berserker on Oct 27, 2020.
             Was a Priest of Trog.
             Slain by Harold
             ... wielding a +1 glaive of flaming
              (20 damage)
             ... on level 7 of the Dungeon.
             The game lasted 00:07:18 (6788 turns).

jasper the Carver (Deep Elf Berserker)              Turns: 6788, Time: 00:07:19

Health: -2/81      AC:  7    Str: 17    XL:     9   Next: 23%
Magic:  11/11      EV: 13    Int: 13    God:    Trog [***...]
Gold:   205        SH:  0    Dex: 14    Spells: 8/8 levels left

rFire    + . .     SeeInvis .   a - +0 falchion
rCold    . . .     Faith    .   (no shield)
rNeg     . . .     Spirit   .   D - +0 scale mail
rPois    .         Reflect  .   (no helmet)
rElec    .         Harm     .   (no cloak)
rCorr    .         Rampage  .   (no gloves)
MR       .....                  (no boots)
Stlth    ..........             g - amulet of regeneration
HPRegen  0.63/turn              H - ring of protection from fire
MPRegen  0.12/turn              v - +4 ring of slaying

@: berserking (expiring), very quick
A: no striking features
a: Berserk, Trog's Hand, Renounce Religion


You were on level 7 of the Dungeon.
You worshipped Trog.
Trog was most pleased with you.
You visited 1 branch of the dungeon, and saw 7 of its levels.
You also visited: Bailey.

You collected 321 gold pieces.
You spent 116 gold pieces at shops.

Inventory:

Hand Weapons
 a - a +0 falchion (weapon)
Missiles
 i - 233 stones (quivered)
 B - 3 javelins
Armour
 y - a +0 kite shield
 D - a +0 scale mail (worn)
Jewellery
 g - an amulet of regeneration (around neck)
 t - an uncursed ring of protection from cold
 v - a +4 ring of slaying (right hand)
 w - an uncursed ring of positive energy
 F - an uncursed ring of protection from cold
 H - a ring of protection from fire (left hand)
Wands
 x - a wand of random effects (17)
 C - a wand of polymorph (12)
Scrolls
 b - 3 scrolls of random uselessness
 c - 3 scrolls of amnesia
 j - 4 scrolls of remove curse
 n - 4 scrolls of teleportation {unknown}
 o - 3 scrolls of blinking {unknown}
 r - 2 scrolls of magic mapping {unknown}
 s - 2 scrolls of immolation {unknown}
 u - 2 scrolls of enchant armour {unknown}
 E - a scroll of noise {unknown}
 G - a scroll of silence {unknown}
Potions
 d - a potion of mutation
 e - a potion of lignification
 h - a potion of brilliance
 k - a potion of curing
 m - 5 potions of stabbing
 p - a potion of magic {unknown}
 q - a potion of heal wounds {unknown}
 z - a potion of haste {unknown}
 A - a potion of berserk rage {unknown}


   Skills:
 + Level 5.1 Fighting
 - Level 8.0 Long Blades
 + Level 4.7 Armour
 + Level 6.9 Dodging


You had 8 spell levels left.
You didn't know any spells.
Your spell library was empty.

Dungeon Overview and Level Annotations

Branches:
Dungeon (7/15)             Temple (0/1) D:7          Bailey (visited)

Altars:
Elyvilon
Fedhas
The Shining One

Shops:
D:5 [

Annotations:
D:7 1 runed translucent door, Harold


Message History

Harold is almost dead.
The bullfrog hits you. Harold misses you.
You take 4 damage, and have 29/81 hp.
You hit Harold.
Harold is almost dead.
Something hits you but does no damage. The bullfrog hits you.
* * * LOW HITPOINT WARNING * * *
You take 5 damage, and have 24/81 hp.
You hit Harold.
Harold is almost dead.
Something hits you.
* * * LOW HITPOINT WARNING * * *
Something shocks you.
* * * LOW HITPOINT WARNING * * *
You take 7 damage, and have 17/81 hp.
Your scale mail prevents you from hitting Harold.
Harold is almost dead.
The bullfrog closely misses you.
Harold hits you with a +1 glaive of flaming!!
You die...

#..≈#...#≈....#
####..≈#.∩.#≈....#
......≈#...#≈.##.#
####..≈#####≈.##.#
.####.≈≈≈≈≈≈≈....#
..# #..........#####
#.######.#####.#...#
#............#.#.@.#
##.............#@..#
...............{F..#
...................#
#..............#...#
#..............#$..#
#..............#...#
##............##...#
##..........###...#
############ ####


You could see Harold (resistant) and a bullfrog.

Vanquished Creatures
  An orc knight (D:7)
  Sigmund (D:2)
  An orc warrior (D:7)
  A sky beast (D:7)
  A necrophage (D:5)
  An ogre (D:7)
  A phantom (D:7)
  A centaur (D:6)
  2 big kobolds (D:7)
  3 bullfrogs (D:6)
  3 wights (D:6)
  2 bullfrog zombies (D:5)
  4 hounds
  2 jellies
  A bullfrog skeleton (D:4)
  A centaur skeleton (D:7)
  A gnoll shaman (D:6)
  An orc priest (D:7)
  3 orc wizards
  6 worker ants
  A killer bee zombie (D:6)
  A worker ant zombie (D:6)
  4 gnolls (D:6)
  9 adders
  An ufetubus (D:7)
  2 oozes
  An adder skeleton (D:4)
  3 dart slugs (D:1)
  9 orcs
  8 bats
  6 giant cockroaches
  13 goblins
  7 hobgoblins
  3 jackals (D:6)
  9 kobolds
  3 quokkas
  A ball python (D:1)
  6 frilled lizards
  2 leopard gecko skeletons
  A leopard gecko zombie (D:5)
  2 quokka skeletons
  6 rats
135 creatures vanquished.

Notes
Turn   | Place    | Note
-------+----------+-------------------------------------------
     0 | D:1      | jasper the Deep Elf Berserker began the quest for the Orb.
     0 | D:1      | Reached XP level 1. HP: 13/13 MP: 3/3
    43 | D:1      | Reached skill level 3 in Long Blades
   231 | D:1      | Reached XP level 2. HP: 18/18 MP: 4/4
  1143 | D:2      | Reached XP level 3. HP: 22/22 MP: 5/5
  1211 | D:2      | Reached skill level 4 in Long Blades
  1620 | D:2      | Reached ** piety under Trog
  1698 | D:2      | Noticed Sigmund
  1715 | D:2      | Killed Sigmund
  1715 | D:2      | Reached skill level 5 in Long Blades
  1715 | D:2      | Reached XP level 4. HP: 19/27 MP: 6/6
  1715 | D:2      | Reached XP level 5. HP: 22/31 MP: 7/7
  2402 | D:3      | Reached skill level 6 in Long Blades
  2433 | D:3      | Found a white marble altar of Elyvilon.
  2717 | D:3      | Reached XP level 6. HP: 29/36 MP: 8/8
  2852 | D:3      | You fall into a shaft and drop 2 floors!
  2852 | D:5      | Entered Level 5 of the Dungeon
  3262 | D:3      | Found a blossoming altar of Fedhas.
  3627 | D:4      | Reached skill level 7 in Long Blades
  4251 | D:5      | Reached XP level 7. HP: 35/40 MP: 9/9
  4626 | D:5      | Found Qaxzotib's Antique Armour Boutique.
  4642 | D:5      | Bought a scale mail for 116 gold pieces
  4693 | D:5      | Reached skill level 8 in Long Blades
  4849 | D:5      | Reached *** piety under Trog
  5423 | D:6      | Reached XP level 8. HP: 27/43 MP: 10/10
  6097 | D:7      | Reached skill level 5 in Dodging
  6162 | D:7      | Found a glowing golden altar of the Shining One.
  6163 | D:7      | Found a runed translucent door.
  6163 | D:7      | Noticed an angel
  6414 | D:7      | Found a staircase to the Ecumenical Temple.
  6539 | D:7      | Reached XP level 9. HP: 51/52 MP: 11/11
  6623 | D:7      | Found a flagged portal.
  6636 | Bailey   | Entered a bailey
  6658 | Bailey   | Noticed an orc knight
  6679 | D:7      | Killed an orc knight
  6679 | D:7      | Reached skill level 5 in Fighting
  6771 | D:7      | Noticed Harold
  6788 | D:7      | Slain by Harold

Illustrated notes

Levels and vault maps discovered:
D:1:      giann_horns, layout_basic
D:2:      layout_loops_cross, uniq_sigmund
D:3:      layout_loops_corners, elyvilon_altar_3, lemuel_round_altar
D:4:      layout_layer_cave
D:5:      layout_basic, serial_shops, nicolae_shop_trees, lemuel_flame_loot_1
D:6:      layout_gridville
D:7:      layout_rooms, minmay_temple_entry_crystal_x, enter_bailey_3,
          lemuel_angel_altar, uniq_harold

Skill      XL: |  1  2  3  4  5  6  7  8  9 |
---------------+----------------------------+-----
Long Blades    | 3 5 6 7 8 |  8.0
Armour         | 2 4 |  4.7
Dodging        | 3 6 |  6.9
Fighting       | 3 4 5 |  5.1

Action                   |  1- 3 |  4- 6 |  7- 9 || total
-------------------------+-------+-------+-------++-------
Melee: Falchion          |   113 |   131 |   262 ||   506
Throw: Stone             |     6 |    10 |    18 ||    34
Invok: Berserk           |     3 |     2 |     8 ||    13
       Trog's Hand       |     1 |     1 |     3 ||     5
Evoke: Wand              |       |       |     1 ||     1
  Use: Scroll            |       |       |     8 ||     8
       Potion            |       |       |     3 ||     3
Armor: Animal skin       |    21 |       |       ||    21
       Ring mail         |    26 |    35 |     4 ||    65
       Scale mail        |       |       |    75 ||    75
       Skin              |       |       |    40 ||    40
Dodge: Dodged            |    62 |    71 |   162 ||   295
       Rpst.: Falchion   |    19 |    22 |    34 ||    75

Table legend: (Time is in decaauts)
 A = Elapsed time spent in this place.
 B = Non-inter-level travel time spent in this place.
 C = Inter-level travel time spent in this place.
 D = Time resting spent in this place.
 E = Time spent auto-exploring this place.
 F = Levels seen in this place.
 G = Mean time per level.
                   A        B        C        D        E       F      G
               +--------+--------+--------+--------+--------+-----+--------+
         Total |   6871 |   6539 |    332 |    644 |   4819 |   8 |  858.9 |
       Dungeon |   6846 |   6514 |    332 |    624 |   4819 |   7 |  978.0 |
        Bailey |     24 |     24 |      0 |     20 |      0 |   1 |   24.0 |
               +--------+--------+--------+--------+--------+-----+--------+

Top non-repeatable levels by time:
     D:2: 1251 daAuts
     D:1: 1100 daAuts
     D:6: 984 daAuts
     D:5: 983 daAuts
     D:3: 924 daAuts
     D:4: 901 daAuts
     D:7: 699 daAuts
  Bailey: 24 daAuts
